 Dungeon Crawl Stone Soup version 0.25-a0-277-g7046ed1b37 (webtiles) character file.

Game seed: 5938608998734425455, levelgen mode: deterministic

37 Jerej03 the Caller (level 3, -6/24 HPs)
             Began as a Vampire Summoner on Dec 9, 2019.
             Mangled by Crazy Yiuf
             ... wielding a +4 quarterstaff of chaos
              (14 damage)
             ... on level 2 of the Dungeon.
             The game lasted 00:09:22 (1068 turns).

Jerej03 the Caller (Vampire Summoner)               Turns: 1068, Time: 00:09:22

Health: -6/24      AC:  2    Str:  8    XL:     3   Next: 23%
Magic:  1/6        EV: 13    Int: 17    God:
Gold:   124        SH:  0    Dex: 14    Spells: 4/7 levels left

rFire    . . .     SeeInvis +   k - +0 short sword
rCold    . . .     Gourm    .   (no shield)
rNeg     . . .     Faith    .   a - +0 robe
rPois    .         Spirit   .   (no helmet)
rElec    .         Reflect  .   (no cloak)
rCorr    .         Harm     .   (no gloves)
MR       .....                  (no boots)
Stlth    ++........             (no amulet)
HPRegen  0.28/turn              i - ring of see invisible
MPRegen  0.10/turn              (no ring)

@: regenerating quickly
A: no food, fangs 3, see invisible, unbreathing
a: Exsanguinate


You were on level 2 of the Dungeon.
You were alive.

You visited 1 branch of the dungeon, and saw 2 of its levels.

You collected 124 gold pieces.

Inventory:

Hand Weapons
 b - a +0 dagger
 k - a +0 short sword (weapon)
Armour
 a - a +0 robe (worn)
 j - a +0 pair of gloves
Jewellery
 i - a ring of see invisible (left hand)
Scrolls
 e - a scroll of teleportation {unknown}
 f - a scroll of fog {unknown}
 h - a scroll of amnesia
 l - 2 scrolls of identify {unknown}
 m - 2 scrolls of remove curse
 n - a scroll of blinking {unknown}
Potions
 c - a potion of brilliance {unknown}
 d - a potion of ambrosia {unknown}
 g - a potion of degeneration {unknown}


   Skills:
 + Level 0.1 Fighting
 * Level 1.1 Short Blades
 + Level 2.4 Dodging
 + Level 3.2 Stealth
 + Level 2.5 Spellcasting
 + Level 4.3 Summonings


You had 4 spell levels left.
You knew the following spells:

 Your Spells              Type           Power        Failure   Level  Hunger
a - Summon Small Mammal   Summ           ###.         3%          1    N/A
b - Call Imp              Summ           ###.....     4%          2    N/A

Your spell library contained the following spells:

 Spells                   Type           Power        Failure   Level  Hunger
 Call Canine Familiar     Summ           ###.....     10%         3    N/A
 Summon Guardian Golem    Hex/Summ       #.......     22%         3    N/A
 Summon Ice Beast         Ice/Summ       #.......     58%         4    N/A
 Summon Lightning Spire   Summ/Air       #.......     58%         4    N/A

Dungeon Overview and Level Annotations

Branches:
Dungeon (2/15)

Altars:

Annotations:
D:2 Crazy Yiuf


Innate Abilities, Weirdness & Mutations

You do not eat.
Your natural rate of healing is unusually fast.
You have razor-sharp teeth.
You have supernaturally acute eyesight. (SInv)
You can survive without breathing.


Message History

Your crimson imp barely misses Crazy Yiuf.
Crazy Yiuf hits your crimson imp with a +4 quarterstaff of chaos!
Lightning courses through your crimson imp!
Your crimson imp dies!
Your crimson imp blinks!
Crazy Yiuf laughs, "Seed!
Ghoul fast broken."
You hit Crazy Yiuf.
Crazy Yiuf is lightly wounded.
Crazy Yiuf hits you with a +4 quarterstaff of chaos.
Crazy Yiuf burns you.
Your crimson imp barely misses Crazy Yiuf.
You closely miss Crazy Yiuf.
Crazy Yiuf is lightly wounded.
Crazy Yiuf misses you.
Your crimson imp hits Crazy Yiuf.
You closely miss Crazy Yiuf.
Crazy Yiuf is moderately wounded.
Crazy Yiuf hits you with a +4 quarterstaff of chaos!
You are electrocuted!
Ouch! That really hurt!
You die...

.############ ............#
.############ .# .# .# ######
#### .## ##...P## ###..)#
..#####....PP####g5...# ###
>...........P.#.@##...# #.#
..#######..P.#.### #### #.# ..#
######## #.# ..# #.# ..# ### #.#
..# #.# #.#
..########.##############.#######
.................................
####.....#################.######


You could see Crazy Yiuf and a friendly crimson imp.

Vanquished Creatures
  An ooze (D:1)
  A dart slug (D:2)
  A goblin (D:1)
  A hobgoblin (D:1)
  2 jackals (D:1)
  A kobold (D:1)
  A frilled lizard (D:2)
  2 rats (D:1)
10 creatures vanquished.

Vanquished Creatures (collateral kills)
  2 adders (D:2)
  A worm (D:2)
  A leopard gecko (D:1)
  A ball python (D:1)
  3 bats
  2 goblins (D:1)
  3 hobgoblins
  A kobold (D:2)
  3 rats (D:1)
17 creatures vanquished.

Grand Total: 27 creatures vanquished

Notes
Turn   | Place    | Note
-------+----------+-------------------------------------------
     0 | D:1      | Jerej03 the Vampire Summoner began the quest for the Orb.
     0 | D:1      | Reached XP level 1. HP: 13/13 MP: 3/3
   135 | D:1      | Reached XP level 2. HP: 16/19 MP: 1/5
   139 | D:1      | Learned a level 2 spell: Call Imp
   885 | D:2      | Reached skill level 1 in Short Blades
   885 | D:2      | Reached XP level 3. HP: 20/24 MP: 4/6
  1048 | D:2      | Found a runed translucent door.
  1049 | D:2      | Noticed Crazy Yiuf
  1068 | D:2      | Mangled by Crazy Yiuf

Levels and vault maps discovered:
D:1:      dpeg_arrival_pits, layout_basic, minmay_crystal_room
D:2:      layout_basic, nicolae_ru_path_of_blood,
          chequers_serial_rivers_micro_e, uniq_crazy_yiuf_cottage

Skill      XL: |  1  2 |
---------------+-------+-----
Short Blades   | 1 |  1.1
Fighting       | |  0.1
Dodging        | |  2.4
Stealth        | |  3.2
Spellcasting   | |  2.5
Summonings     | |  4.3

Action                   || total
-------------------------++-------
Melee: Dagger            ||    45
       Unarmed           ||     8
       Short sword       ||    12
       Bite              ||     3
 Cast: Summon Small Mamm ||    19
       Call Imp          ||     8
  Use: Scroll            ||     2
 Stab: Sleeping          ||     2
       Distracted        ||     1
Armor: Robe              ||    20
Dodge: Dodged            ||    66

Table legend:
 A = Non-vault XP
 B = Vault XP
 C = Vault XP percentage of total XP
 D = Non-vault monster count
 E = Vault monster count
 F = Vault count percentage of total count
                 A         B        C        D         E       F
            +---------+---------+-------+---------+---------+-------
      Total |      54 |       0 |   0.0 |      27 |       0 |   0.0
            +---------+---------+-------+---------+---------+-------
        D:1 |      28 |       0 |   0.0 |      19 |       0 |   0.0
        D:2 |      26 |       0 |   0.0 |       8 |       0 |   0.0
            +---------+---------+-------+---------+---------+-------
